 Dungeon Crawl Stone Soup version 0.30.0-29-ga12c61a403 (webtiles) character file.

Game seed: 8212812420753095390

8758 tizbic2 the Skirmisher (level 11, 0/69 HPs)
             Began as a Kobold Hunter on June 11, 2023.
             Was the Champion of Jiyva.
             Shot with an arrow by a centaur (7 damage)
             ... on level 10 of the Dungeon.
             The game lasted 00:39:23 (8351 turns).

tizbic2 the Skirmisher (Kobold Hunter)              Turns: 8351, Time: 00:39:24

Health: 0/69       AC: 11    Str: 17    XL:     11   Next: 61%
Magic:  6/11       EV: 24    Int:  7    God:    Jiyva [******]
Gold:   308        SH:  0    Dex: 26    Spells: 10/10 levels left

rFire   + . .        a - +2 dagger (venom)
rCold   . . .        (no shield)
rNeg    . . .        A - +5 robe of Misfortune {Harm *Corrode *Slow EV+5}
rPois   .            q - +0 hat {Stlth+}
rElec   .            (no cloak)
rCorr   +            F - +0 pair of gloves
SInv    +            (no boots)
Will    +....        (no amulet)
Stlth   +++++++      u - ring of see invisible
HPRegen 1.91/turn    C - ring of willpower
MPRegen 0.62/turn

%: corrode self (3%), slow self (1%), harm (+30% outgoing, +20% incoming)
@: slimy (expiring)
A: small, no large weapons, nightstalker 3, agile 2, fire resistance 1, strong
2, gelatinous body 3, MP-powered wands
a: Renounce Religion, Oozemancy, Slimify


You were on level 10 of the Dungeon.
You worshipped Jiyva.
Jiyva was exalted by your worship.
You visited 1 branch of the dungeon, and saw 10 of its levels.
You also visited: Sewer and Bailey.

You collected 308 gold pieces.

Inventory:

Hand Weapons
 a - a +2 dagger of venom (weapon)
 k - a +1 dagger of draining
 n - a +2 flail of holy wrath
 w - a +0 shortbow of flaming
 z - a +2 dagger of freezing
 B - a +2 flail of protection
 I - the +8 hand axe of Flawed Execution {heavy, *Noise rN+ MP+9 Int+5}
   (You found it on level 9 of the Dungeon)

   Int:       It affects your intelligence (+5).
   rN:        It protects you from negative energy.
   MP:        It affects your magic capacity (+9).
   *Noise:    It may make noises in combat.
 K - a +3 scimitar of flaming
Missiles
 g - 30 poisoned darts
 t - 2 boomerangs
Armour
 o - a +0 kite shield
 q - a +0 hat of stealth (worn)
 y - a +1 plate armour of poison resistance
 A - the +5 robe of Misfortune (worn) {Harm *Corrode *Slow EV+5}
   (You found it on level 6 of the Dungeon)

   EV:        It affects your evasion (+5).
   *Corrode:  It may corrode you when you take damage.
   *Slow:     It may slow you when you take damage.
   Harm:      It increases damage dealt and taken.
 F - a +0 pair of gloves (worn)
 G - a +2 leather armour of fire resistance
Magical Staves
 D - a staff of earth
Jewellery
 u - a ring of see invisible (left hand)
 C - a ring of willpower (right hand)
Wands
 f - a wand of polymorph (4)
 p - a wand of charming (8)
 E - a wand of flame (11)
Scrolls
 b - a scroll of immolation
 e - 2 scrolls of poison
 i - 3 scrolls of teleportation
 H - a scroll of vulnerability
 L - a scroll of identify
Potions
 c - 3 potions of mutation
 d - 2 potions of attraction
 h - 2 potions of brilliance
 j - 2 potions of haste
 l - 3 potions of lignification
 r - 2 potions of magic
 s - a potion of cancellation
 v - a potion of resistance {unknown}
 J - a potion of might {unknown}


   Skills:
 + Level 8.8 Fighting
 * Level 8.4 Short Blades
 * Level 14.9 Ranged Weapons
 + Level 3.5 Armour
 - Level 2.4 Dodging
 + Level 11.1 Stealth


You had 10 spell levels left.
You didn't know any spells.
Your spell library was empty.

Dungeon Overview and Level Annotations

Branches:
Dungeon (10/15)            Temple (0/1) D:6            Lair (0/5) D:8
  Sewer (visited)          Bailey (visited)
    Orc: D:9-12

Altars:
Dithmenos
Fedhas
Nemelex Xobeh
Jiyva

Shops:
D:7 *

Annotations:
D:10 Sonja


Innate Abilities, Weirdness & Mutations

You are small and have problems with some larger weapons.
You are completely attuned to the shadows.
You are very agile. (Dex +8, Str/Int -2)
Your flesh is heat resistant. (rF+)
Your muscles are very strong. (Str +8, Int/Dex -2)
Your gelatinous body deflects attacks. (AC +3, EV +3)
You expend magic power (3 MP) to strengthen your wands.


Message History

Sonja plants her feet in a plie.
Sonja hits you with a +1 short sword of venom!
* * * LOW HITPOINT WARNING * * *
Sonja completely misses you. Sonja barely misses you.
You feel better. The orc misses you.
Sonja hits you with a +1 short sword of venom.
* * * LOW HITPOINT WARNING * * *
Sonja barely misses you. Sonja completely misses you.
You miss Sonja.
Your slime is starting to congeal.
Sonja completely misses you. Sonja hits you but does no damage. x2
You are poisoned.
The orc closely misses you.
You miss Sonja.
You feel sick. Sonja misses you. Sonja barely misses you.
Sonja completely misses you. The orc closely misses you.
You completely miss Sonja. Sonja hits you but does no damage.
You are more poisoned.
Sonja misses you.
Sonja hits you with a +1 short sword of venom.
* * * LOW HITPOINT WARNING * * *
You are more poisoned.
You miss Sonja.
* * * LOW HITPOINT WARNING * * *
You feel very sick. The orc hits you but does no damage.
Sonja completely misses you. x2
Sonja barely misses you.
You feel better. Sonja completely misses you. x3
The orc completely misses you.
Blink to where?
Press: ? - help, Dir - move target
As you read the scroll of blinking, it crumbles to dust.
The centaur shoots an arrow.
The arrow completely misses you. The orc misses you.
The centaur shoots an arrow.
The arrow hits you!
* * * LOW HITPOINT WARNING * * *
Sonja casts a spell.
Sonja blinks!
The centaur shoots an arrow.
The arrow hits you.
* * * LOW HITPOINT WARNING * * *
The centaur shoots an arrow.
The arrow hits you.
You die...

#...# ##....
#....##
......####
.$..@....#
.........#
......†o.#
......oc.#
.....##)K#
.....##.##
...###)§##
.......## ###
........###.##


You could see Sonja, a centaur and 2 orcs.

Vanquished Creatures
  Gastronok (D:9)
  A two-headed ogre (D:9)
  Prince Ribbit (Bailey)
  Grinder (D:6)
  Sigmund (D:4)
  A wraith (D:10)
  3 yaks (D:9)
  4 humans (Bailey)
  3 vampire mosquitoes (D:9)
  A water moccasin (D:7)
  2 orc warriors
  A black bear (D:7)
  4 ogres
  2 centaurs
  3 kobold brigands
  A gnoll sergeant (D:9)
  5 bullfrogs (Bailey)
  8 wights
  4 killer bees (D:8)
  4 howler monkeys
  A gnoll bouda (D:8)
  5 hounds
  An orc priest (D:3)
  3 iguanas
  5 orc wizards
  18 gnolls
  9 adders
  2 river rats (Sewer)
  2 shadow imps
  5 white imps
  2 worms
  4 dart slugs
  24 orcs
  11 ball pythons
  2 bats
  3 endoplasms (D:1)
  5 giant cockroaches
  7 goblins
  8 hobgoblins
  23 kobolds
  3 quokkas
  7 frilled lizards
  9 rats
210 creatures vanquished.

Vanquished Creatures (collateral kills)
  2 vault guards (Bailey)
  Erica (D:9)
  A cyclops (D:8)
  An orc warrior (D:8)
  2 bullfrogs (Bailey)
7 creatures vanquished.

Vanquished Creatures (others)
  A kobold brigand (D:7)
  A phantom (D:6)
  15 jellies
  A hound (D:6)
  An iguana (D:4)
  2 orc priests (D:7)
  2 orc wizards (D:7)
  A sleepcap (D:6)
  4 adders
  4 gnolls (D:6)
  An ufetubus (D:6)
  2 dart slugs (D:2)
  3 orcs
  2 bats (D:2)
  5 endoplasms
  2 goblins (D:3)
  A hobgoblin (Bailey)
  2 quokkas
  A frilled lizard (D:2)
  8 kobolds
59 creatures vanquished.

Grand Total: 276 creatures vanquished

Notes
Turn   | Place    | Note
-------+----------+-------------------------------------------
     0 | D:1      | tizbic2 the Kobold Hunter began the quest for the Orb.
     0 | D:1      | Reached XP level 1. HP: 12/12 MP: 1/1
   257 | D:1      | Reached XP level 2. HP: 18/18 MP: 2/2
   853 | D:1      | Found a faded altar of an unknown god.
   857 | D:1      | Prayed at the altar of an unknown god.
   857 | D:1      | Became a worshipper of Jiyva Jyhol the Shapeless
   857 | D:1      | Reached * piety under Jiyva
  1124 | D:2      | Reached XP level 3. HP: 22/22 MP: 3/3
  1133 | D:2      | Reached skill level 6 in Ranged Weapons
  1352 | D:2      | Reached ** piety under Jiyva
  1600 | D:3      | Gained mutation: Your muscles are strong. (Str +4, Int/Dex
                  | -1) [potion of mutation]
  1660 | D:3      | Reached XP level 4. HP: 28/28 MP: 4/4
  1717 | D:3      | Noticed an ogre
  1726 | D:3      | Killed an ogre
  1727 | D:3      | Reached skill level 7 in Ranged Weapons
  1727 | D:3      | Reached XP level 5. HP: 18/32 MP: 5/5
  1893 | D:3      | Found a glowing drain.
  1905 | Sewer    | Entered a sewer
  1931 | Sewer    | Reached XP level 6. HP: 37/37 MP: 6/6
  2273 | D:3      | Reached *** piety under Jiyva
  2601 | D:4      | Gained mutation: Your muscles are very strong. (Str +8,
                  | Int/Dex -2) [Jiyva's grace]
  2601 | D:4      | Gained mutation: You are agile. (Dex +4, Str/Int -1)
                  | [Jiyva's grace]
  2601 | D:4      | Gained mutation: You are very agile. (Dex +8, Str/Int -2)
                  | [Jiyva's grace]
  2601 | D:4      | Gained mutation: Your flesh is heat resistant. (rF+)
                  | [Jiyva's grace]
  2644 | D:4      | Noticed an ogre
  2650 | D:4      | Killed an ogre
  2651 | D:4      | Reached skill level 8 in Ranged Weapons
  2651 | D:4      | Reached XP level 7. HP: 18/43 MP: 7/7
  2677 | D:4      | Noticed Sigmund
  2689 | D:4      | Killed Sigmund
  2690 | D:4      | Reached skill level 5 in Stealth
  3445 | D:3      | Reached skill level 9 in Ranged Weapons
  3483 | D:5      | Entered Level 5 of the Dungeon
  3533 | D:5      | Reached **** piety under Jiyva
  3644 | D:5      | Reached XP level 8. HP: 48/48 MP: 8/8
  3681 | D:5      | Reached skill level 5 in Fighting
  4026 | D:6      | Reached skill level 10 in Ranged Weapons
  4093 | D:6      | Found the +5 robe of Misfortune {Harm *Corrode *Slow EV+5}
  4225 | D:6      | Noticed Grinder
  4239 | D:6      | Paralysed by Grinder for 3 turns
  4243 | D:6      | Killed Grinder
  4309 | D:6      | Reached ***** piety under Jiyva
  4344 | D:6      | Gained mutation: You expend magic power (3 MP) to
                  | strengthen your wands. [Jiyva's grace]
  4344 | D:6      | Gained mutation: Your rubbery body absorbs attacks. (AC +1,
                  | EV +1) [Jiyva's grace]
  4344 | D:6      | Gained mutation: Your pliable body absorbs attacks. (AC +2,
                  | EV +2) [Jiyva's grace]
  4344 | D:6      | Gained mutation: Your gelatinous body deflects attacks. (AC
                  | +3, EV +3) [Jiyva's grace]
  4455 | D:6      | Found a staircase to the Ecumenical Temple.
  4528 | D:6      | Found a sparkling altar of Nemelex Xobeh.
  4535 | D:6      | Found a shadowy altar of Dithmenos.
  4538 | D:6      | Found a blossoming altar of Fedhas.
  4596 | D:7      | Found Oggy's General Store.
  4607 | D:7      | Reached XP level 9. HP: 55/55 MP: 9/9
  4705 | D:7      | Reached skill level 11 in Ranged Weapons
  5770 | D:8      | Noticed a cyclops
  5771 | D:8      | Reached skill level 12 in Ranged Weapons
  5783 | D:8      | Killed a cyclops
  5913 | D:8      | Reached skill level 1 in Short Blades
  6485 | D:8      | Lost mutation: You are very agile. (Dex +8, Str/Int -2)
                  | [Jiyva's grace]
  6485 | D:8      | Lost mutation: Your muscles are very strong. (Str +8,
                  | Int/Dex -2) [Jiyva's grace]
  6485 | D:8      | Lost mutation: Your gelatinous body deflects attacks. (AC
                  | +3, EV +3) [Jiyva's grace]
  6485 | D:8      | Lost mutation: Your pliable body absorbs attacks. (AC +2,
                  | EV +2) [Jiyva's grace]
  6485 | D:8      | Gained mutation: Your pliable body absorbs attacks. (AC +2,
                  | EV +2) [Jiyva's grace]
  6485 | D:8      | Gained mutation: Your gelatinous body deflects attacks. (AC
                  | +3, EV +3) [Jiyva's grace]
  6485 | D:8      | Gained mutation: Your muscles are very strong. (Str +8,
                  | Int/Dex -2) [Jiyva's grace]
  6485 | D:8      | Gained mutation: You are very agile. (Dex +8, Str/Int -2)
                  | [Jiyva's grace]
  6587 | D:8      | Found a staircase to the Lair.
  6737 | D:9      | Noticed Gastronok
  6744 | D:9      | Reached XP level 10. HP: 24/63 MP: 10/10
  6752 | D:9      | Killed Gastronok
  6753 | D:9      | Reached skill level 13 in Ranged Weapons
  6753 | D:9      | Reached skill level 1 in Armour
  6786 | D:9      | Reached ****** piety under Jiyva
  6886 | D:9      | Reached skill level 5 in Short Blades
  7076 | D:9      | Reached skill level 10 in Stealth
  7318 | D:9      | Found a flagged portal.
  7322 | D:9      | Identified the +8 hand axe of Flawed Execution {heavy,
                  | *Noise rN+ MP+9 Int+5}
  7326 | Bailey   | Entered a bailey
  7532 | Bailey   | Noticed Prince Ribbit
  7540 | Bailey   | Noticed a vault guard
  7549 | Bailey   | Killed Prince Ribbit
  7569 | Bailey   | Killed a vault guard
  7570 | Bailey   | Reached skill level 14 in Ranged Weapons
  7570 | Bailey   | Reached XP level 11. HP: 58/68 MP: 11/11
  7616 | Bailey   | Noticed a vault guard
  7626 | Bailey   | Killed a vault guard
  7682 | D:9      | Noticed a two-headed ogre
  7685 | D:9      | Killed a two-headed ogre
  7832 | D:9      | Noticed Erica
  7842 | D:9      | Killed Erica
  8185 | D:10     | Entered Level 10 of the Dungeon
  8326 | D:10     | Noticed Sonja
  8351 | D:10     | Shot with an arrow by a centaur

Illustrated notes

Levels and vault maps discovered:
D:1:      tarquinn_simple_flora_water_c, layout_basic,
          hellmonk_ecumenical_altar_leap_of_faith, minmay_misc_feat_chi
D:2:      layout_rooms
D:3:      layout_loops_cross, portal_sewer_entry_b
D:4:      layout_basic, uniq_sigmund
D:5:      layout_rooms, minmay_misc_feat_room
D:6:      layout_rooms, grunt_temple_overflow_diamond,
          minmay_temple_entry_waves, uniq_grinder
D:7:      layout_basic, serial_shops, nicolae_stop_n_shop_2
D:8:      layout_basic, lair_entry_dummy, chequers_serial_rivers_room_b
D:9:      layout_basic, enter_bailey_2, interstate_on_off,
          kennysheep_flooded_box, uniq_gastronok, uniq_erica
D:10:     layout_cave_pools, david_orc_5, uniq_sonja

Skill      XL: |  1  2  3  4  5  6  7  8  9 10 11 |
---------------+----------------------------------+-----
Stealth        | 2 3 4 5 7 9 10 11 | 11.1
Ranged Weapons | 6 7 8 9 10 12 14 | 14.9
Fighting       | 3 4 6 7 8 |  8.8
Short Blades   | 2 6 8 |  8.4
Armour         | 2 3 |  3.5
Dodging        | |  2.4

Action                     |  1- 3 |  4- 6 |  7- 9 | 10-12 || total
---------------------------+-------+-------+-------+-------++-------
  Melee: Shortbow          |       |     2 |       |       ||     2
         Dagger            |       |       |   149 |   148 ||   297
         Flail             |       |       |    26 |    47 ||    73
         Punch             |       |       |     2 |     3 ||     5
         Hand axe          |       |       |       |    10 ||    10
   Fire: Shortbow          |    77 |   126 |   144 |    33 ||   380
 Invoke: Slimify           |       |       |       |     1 ||     1
    Use: Scroll            |     6 |     6 |     8 |     2 ||    22
         Potion            |     1 |     2 |     2 |     2 ||     7
   Stab: Sleeping          |       |       |     1 |       ||     1
         Distracted        |       |       |       |     3 ||     3
 Armour: Leather armour    |    12 |    12 |       |       ||    24
         Scale mail        |       |       |    31 |       ||    31
         Skin              |       |       |     6 |       ||     6
         Robe              |       |       |    25 |    41 ||    66
  Dodge: Dodged            |    39 |    79 |   230 |   290 ||   638
